 Dungeon Crawl Stone Soup version 0.28-a0-1199-gef9e1dbd39 (webtiles) character file.

Game seed: 15012918259139520112

177 avis the Insei (level 5, -4/35 HPs)
             Began as an Octopode Transmuter on Dec 20, 2021.
             Killed by divine providence
             ... invoked by an orc priest
              (10 damage)
             ... on level 3 of the Dungeon.
             The game lasted 00:09:32 (3270 turns).

avis the Insei (Octopode Transmuter)                Turns: 3270, Time: 00:09:33

Health: -4/35      AC:  2    Str: 11    XL:     5   Next: 57%
Magic:  6/8        EV: 19    Int: 16    God:
Gold:   120        SH:  0    Dex: 17    Spells: 4/8 levels left

rFire   . . .      SeeInvis .     - Unarmed
rCold   . . .      Faith    .   (shield currently unavailable)
rNeg    . . .      Spirit   .   (helmet currently unavailable)
rPois   x          Reflect  .   (no amulet)
rElec   .          Harm     .   (no ring)
rCorr   .          Rampage  .   (no ring)
Will    .....                   (no ring)
Stlth   ++........              (no ring)
HPRegen 0.11/turn               (no ring)
MPRegen 0.11/turn               (no ring)
                                (no ring)
                                (no ring)

@: spider-form (expiring)
A: venomous fangs, almost no armour, (amphibious), 8 rings, tiny, (camouflage
1), (gelatinous body 1), (nimble swimmer 1), (tentacles)
a: End Transformation


You were on level 3 of the Dungeon.
You were a venomous arachnid creature.
You visited 1 branch of the dungeon, and saw 3 of its levels.

You collected 120 gold pieces.

Inventory:

Hand Weapons
 b - a +0 hunting sling (melded)
 p - a +1 dagger of venom
Missiles
 a - 51 stones
 j - 2 silver javelins
 l - 20 arrows
 o - 7 poisoned darts
Wands
 k - a wand of flame (19)
Scrolls
 d - a scroll of noise {unknown}
 g - a scroll of silence {unknown}
 h - a scroll of fear {unknown}
 i - 3 scrolls of immolation {unknown}
 m - a scroll of fog {unknown}
 n - a scroll of teleportation {unknown}
Potions
 c - a potion of lignification {unknown}
 e - 2 potions of brilliance {unknown}
 f - 2 potions of heal wounds {unknown}


   Skills:
 * Level 2.4 Fighting
 - Level 2.0 Dodging
 - Level 2.0 Stealth
 - Level 5.0 Unarmed Combat
 - Level 2.0 Spellcasting
 - Level 2.0 Transmutations
 - Level 2.0 Poison Magic


You had 4 spell levels left.
You knew the following spells:

 Your Spells              Type           Power      Damage    Failure   Level
a - Beastly Appendage     Tmut           16%        N/A       22%         1
p - Spider Form           Tmut/Pois      8%         N/A       47%         3

Your spell library contained the following spells:

 Spells                   Type           Power      Damage    Failure   Level
 Wereblood                Tmut           8%         N/A       32%         2
 Slow                     Hex            4%         N/A       41%         1
 Confusing Touch          Hex            1%         N/A       73%         3
 Vampiric Draining        Necr           1%         2d6       73%         3
 Ice Form                 Ice/Tmut       4%         N/A       92%         4


Dungeon Overview and Level Annotations

Branches:
Dungeon (3/15)

Altars:

Shops:
D:1 !


Innate Abilities, Weirdness & Mutations

You are a venomous arachnid creature.
You have poisonous fangs.
You are tiny and dextrous.
Your spellcasting is less reliable in this form.
Your armour is entirely melded.
You are incapable of wielding weapons or throwing items.
You cannot wear most types of armour.
((You are amphibious.))
You can wear up to eight rings at the same time.
((Your skin changes colour to match your surroundings (Stealth+).))
((Your rubbery body absorbs attacks. (AC +1, EV +1)))
((You are camouflaged near water. (Stealth+)))
((You have tentacles for arms and can constrict up to eight enemies at once.))


Message History

You open the door.
There is an open door here.
You open the door.
Found a stone staircase leading down.
There is an open door here.
There is a stone staircase leading down here.
You open the door. 3 orcs and an orc priest come into view.
There is a stone staircase leading down here.
Casting: Spider Form (quite dangerous; 26% risk of failure)
Confirm with . or Enter, or press ? or * to list all spells.
The spell is quite dangerous to miscast (26% risk of failure)!
Continue anyway?
You turn into a venomous arachnid creature.
Your +0 hunting sling melds into your body.
An orc comes into view. It is wielding a +0 falchion.
The orc shouts! x2; The orc priest shouts!
The orc shouts!
The orc priest invokes the aid of Beogh against you.
Beogh smites you!
The orc shouts!
There is an open door here.
You bite the orc!
You kill the orc!
There is a stone staircase leading down here.
You hit the orc.
You kill the orc!
You hit the orc but do no damage. You hit the orc.
The orc is poisoned.
The orc is lightly wounded.
The orc misses you.
The orc priest looks encouraged for a moment.
The orc misses you.
The orc priest calls down the wrath of Beogh upon you.
Beogh smites you!
* * * LOW HITPOINT WARNING * * *
There is an open door here.
Your transformation is almost over.
The orc looks more healthy.
The orc priest invokes the aid of Beogh against you.
Beogh smites you!
You die...

############# #...........#
#...........# ###### ######
#...........# #.....### #....#
#...........# #..o.o#.# #....#
#.....†.....#
#..o..#.###....###...........#
#....)#>.o'....'.'.....†.....#.
+.....).###o.os###...........#.
#.....#.# #....# #..)........#.
#.....#.# ###### #...........#.
#.....#.# #...........#.
####....# ##########.##. ......
############.##. #.###..
...............) #. ###
.#####.####.### #.# #..##


You could see an orc priest and 2 orcs.

Vanquished Creatures
  An orc priest (D:3)
  Jessica (D:2)
  2 orc wizards (D:3)
  3 adders (D:2)
  2 worms
  4 orcs (D:3)
  A ball python (D:1)
  3 endoplasms
  A giant cockroach (D:1)
  5 goblins
  3 hobgoblins
  4 jackals (D:2)
  3 quokkas
  A bat (D:2)
  2 kobolds
  2 rats
38 creatures vanquished.

Notes
Turn   | Place    | Note
-------+----------+-------------------------------------------
     0 | D:1      | avis the Octopode Transmuter began the quest for the Orb.
     0 | D:1      | Reached XP level 1. HP: 13/13 MP: 3/3
     7 | D:1      | Found Wizilebi's Distillery.
   267 | D:1      | Reached XP level 2. HP: 19/19 MP: 3/5
   458 | D:1      | Reached skill level 1 in Stealth
  1089 | D:2      | Reached skill level 1 in Poison Magic
  1257 | D:2      | Reached XP level 3. HP: 22/24 MP: 4/6
  1264 | D:2      | Learned a level 3 spell: Spider Form
  1802 | D:2      | Noticed Jessica
  1811 | D:2      | Killed Jessica
  1812 | D:2      | Reached XP level 4. HP: 6/29 MP: 3/7
  2489 | D:3      | Reached skill level 4 in Unarmed Combat
  2501 | D:3      | Reached XP level 5. HP: 3/34 MP: 5/8
  3074 | D:3      | Reached skill level 5 in Unarmed Combat
  3270 | D:3      | Killed from afar by an orc priest

Illustrated notes

Levels and vault maps discovered:
D:1:      mrwooster_arrival_arrow, layout_loops_ring, serial_shops, shop_statue,
          chequers_jeans
D:2:      layout_basic, grunt_ministairs_6, uniq_jessica
D:3:      layout_basic, ebering_ecumenical_altar_mist

Skill      XL: |  1  2  3  4  5 |
---------------+----------------+-----
Fighting       | 2 |  2.4
Stealth        | 2 |  2.0
Poison Magic   | 1 2 |  2.0
Unarmed Combat | 4 5 |  5.0
Dodging        | |  2.0
Spellcasting   | |  2.0
Transmutations | |  2.0

Action                   |  1- 3 |  4- 6 || total
-------------------------+-------+-------++-------
Melee: Unarmed           |    56 |    39 ||    95
       Constrict         |    12 |       ||    12
       Kick              |    11 |       ||    11
       Tentacles         |     4 |       ||     4
       Punch             |     2 |       ||     2
 Fire: Hunting sling     |     1 |    17 ||    18
 Cast: Beastly Appendage |    15 |     1 ||    16
       Spider Form       |     3 |     7 ||    10
 Stab: Sleeping          |     3 |       ||     3
Armor: Skin              |     1 |     4 ||     5
Dodge: Dodged            |    32 |    18 ||    50

Table legend: (Time is in decaauts)
 A = Elapsed time spent in this place.
 B = Non-inter-level travel time spent in this place.
 C = Inter-level travel time spent in this place.
 D = Time resting spent in this place.
 E = Time spent auto-exploring this place.
 F = Levels seen in this place.
 G = Mean time per level.
                   A        B        C        D        E       F      G
               +--------+--------+--------+--------+--------+-----+--------+
         Total |   3271 |   3169 |    102 |   1289 |   1396 |   3 | 1090.3 |
       Dungeon |   3271 |   3169 |    102 |   1289 |   1396 |   3 | 1090.3 |
               +--------+--------+--------+--------+--------+-----+--------+

Top non-repeatable levels by time:
     D:2: 1882 daAuts
     D:1: 1123 daAuts
     D:3: 265 daAuts
